 Dungeon Crawl Stone Soup version 0.21-a0-110-g8e1637b (webtiles) character file.

13346 MatthieuS the Impaler (level 12, -18/97 HPs)
             Began as a Merfolk Gladiator on July 7, 2017.
             Was a High Priest of Okawaru.
             Killed from afar by a tengu reaver (48 damage)
             ... with a bolt of magma
             ... on level 11 of the Dungeon.
             The game lasted 00:40:29 (11001 turns).

MatthieuS the Impaler (Merfolk Gladiator)          Turns: 11001, Time: 00:40:29

Health: -18/97     AC: 11    Str: 22    XL:     12   Next: 5%
Magic:  16/16      EV: 19    Int:  9    God:    Okawaru [*****.]
Gold:   720        SH:  0    Dex: 15    Spells: 11/11 levels left

rFire    . . .     SeeInvis +   I - +4 glaive (flame)
rCold    . . .     Gourm    .   (shield currently unavailable)
rNeg     . . .     Faith    .   r - +0 ring mail
rPois    +         Spirit   .   x - +2 hat
rElec    .         Reflect  .   y - +1 cloak {rPois}
rCorr    .         Harm     .   J - +1 pair of gloves
MR       .....                  (no boots)
Stlth    +.........             (no amulet)
HPRegen  0.26/turn              o - ring of see invisible
MPRegen  0.15/turn              B - +4 ring of strength

@: very slightly contaminated
A: change form in water, swift swim, stealthy swim, sense surroundings 1,
evolution 1, MP-powered wands
a: Heroism, Finesse, Renounce Religion


You were on level 11 of the Dungeon.
You worshipped Okawaru.
Okawaru was extremely pleased with you.
You were not hungry.

You visited 2 branches of the dungeon, and saw 12 of its levels.

You collected 720 gold pieces.

Inventory:

Hand Weapons
 q - a +0 trident of flaming
 I - a +4 glaive of flaming (weapon)
Missiles
 d - a throwing net (quivered)
 h - 7 curare-tipped needles
 D - 6 tomahawks of dispersal
 K - 8 javelins
 O - 8 steel tomahawks
Armour
 g - a +0 buckler
 r - a +0 ring mail (worn)
 x - a +2 hat (worn)
 y - a +1 cloak of poison resistance (worn)
 J - a +1 pair of gloves (worn)
Jewellery
 o - a ring of see invisible (left hand)
 s - an uncursed ring of resist corrosion
 z - an uncursed ring of flight
 B - a +4 ring of strength (right hand)
 C - a +3 ring of intelligence
 E - an uncursed ring of positive energy
 G - an uncursed ring of protection from cold
 M - an uncursed ring of fire {unknown}
Wands
 b - a wand of disintegration (10/24)
 c - a wand of iceblast (2/15)
 k - a wand of random effects (29/48)
 m - a wand of digging (8/24)
 v - a wand of disintegration (9/24)
Scrolls
 i - 4 scrolls of remove curse
 n - 2 scrolls of amnesia
 t - a scroll of blinking
 w - 3 scrolls of identify
 A - 2 scrolls of fear
 H - 4 scrolls of magic mapping
Potions
 e - 4 potions of flight
 j - 2 potions of resistance
 l - a potion of curing
 N - a potion of brilliance {unknown}
Comestibles
 a - 33 chunks of flesh
 f - 10 bread rations
 p - 7 royal jellies
 u - 4 meat rations
 F - 3 fruits


   Skills:
 + Level 10.0 Fighting
 * Level 17.2 Polearms
 - Level 2.0 Throwing
 + Level 11.9 Dodging
 - Level 2.4 Shields
 + Level 6.5 Invocations


You had 11 spell levels left.
You didn't know any spells.

Dungeon Overview and Level Annotations

Branches:
Dungeon (11/15)            Temple (1/1) D:4            Lair (0/6) D:9
    Orc (0/2) D:11

Altars:
Ashenzari
Cheibriados
Dithmenos
Elyvilon
Fedhas
Gozag
Hepliaklqana
Kikubaaqudgha
Makhleb
Nemelex Xobeh
Okawaru
Qazlal
Ru
Sif Muna
Trog
Uskayaw
Vehumet
Wu Jian
Xom
Yredelemnul
Zin
The Shining One

Shops:
D:4 (   D:6 [   D:9 }


Innate Abilities, Weirdness & Mutations

You revert to your normal form in water.
You are very nimble and swift while swimming.
You are very stealthy in the water. (Stealth+)
You passively map a small area around you.
You evolve.
You expend magic power (3 MP) to strengthen your wands.


Message History

The bolt of magma hits you!
* * * LOW HITPOINT WARNING * * *
Blink to where?
Press: ? - help, Dir - move target cursor, p - tengu reaver You are very lightly contaminated with residual magic.
As you read the scroll of blinking, it crumbles to dust.
There is an open door, spattered with blood here.
Which direction?
You close the door.
A tengu reaver opens the door.
Okay, then.
Blink to where?
Press: ? - help, Dir - move target cursor
As you read the scroll of blinking, it crumbles to dust.
A worker ant comes into view.
The worker ant twitches its antennae in your direction.
Okay, then.
You feel better. The tengu reaver casts a spell at you.
The bolt of magma hits you!
You die...

.............#.≈≈..####*,
* #############'.≈≈..# ,
≈ ≈≈≈≈≈≈≈≈≈≈≈≈8≈.######
*** ≈
≈≈≈≈≈≈≈≈≈≈≈≈8..#....
.........).......#
####..#)####...##### *
#.......##.##...#
#.##.##.##.##...#, ,
#.*#.....@..#...#, ,
#.*####.##Q###'#######+
*,* #, #a*#)..#=.!#., * ,
#..'...#..*# , *
#.##...#/.= , * *
#.###'###'## * *
#.##...#...# * ,
#<##(..')..+ ,* ,*
#..#...#...#


You could see a tengu reaver, a worker ant and a battlesphere.

Vanquished Creatures
  A hydra (D:6)
  2 centaur warriors (D:11)
  A two-headed ogre (D:11)
  Nergalle (D:11)
  An ugly thing (D:10)
  Maurice (D:8)
  A komodo dragon (D:11)
  A gargoyle (D:10)
  2 trolls
  Sigmund (D:5)
  3 humans (D:7)
  8 yaks
  2 hungry ghosts (D:9)
  4 hogs (D:7)
  A black bear (D:10)
  2 ice beasts
  7 orc warriors
  An eye of draining (D:9)
  3 necrophages (D:9)
  3 ogres
  8 centaurs
  2 big kobolds
  3 bullfrogs
  A gnoll sergeant (D:6)
  A wyvern skeleton (D:9)
  3 scorpions
  11 killer bees
  3 howler monkeys
  4 wights (D:11)
  An electric eel (D:11)
  A centaur zombie (D:9)
  4 crimson imps
  2 jellies
  10 orc priests
  9 orc wizards
  4 bullfrog skeletons
  2 hounds
  4 gnoll shamans
  A centaur skeleton (D:9)
  Ijyb (D:5)
  Natasha (thrice) (D:3)
  2 iguanas
  10 worker ants
  A hound zombie (D:8)
  A hound skeleton (D:9)
  3 worker ant zombies
  53 gnolls
  A howler monkey skeleton (D:4)
  17 adders
  3 oozes
  An adder skeleton (D:9)
  A worm (D:3)
  7 dart slugs
  7 leopard geckos
  40 orcs
  A ball python (D:1)
  7 bats
  5 giant cockroaches
  7 goblins
  8 hobgoblins
  23 jackals
  4 quokkas
  9 frilled lizards
  19 kobolds
  A quokka zombie (D:5)
  7 rats
362 creatures vanquished.

Vanquished Creatures (others)
  2 fungi (D:9)
2 creatures vanquished.

Grand Total: 364 creatures vanquished

Notes
Turn   | Place    | Note
-------+----------+-------------------------------------------
     0 | D:1      | MatthieuS the Merfolk Gladiator began the quest for the Orb.
     0 | D:1      | Reached XP level 1. HP: 16/16 MP: 1/1
    13 | D:1      | Reached XP level 2. HP: 23/23 MP: 2/2
   211 | D:1      | Reached skill level 5 in Polearms
   277 | D:1      | Reached XP level 3. HP: 28/28 MP: 3/3
   705 | D:2      | Reached XP level 4. HP: 34/34 MP: 4/4
   752 | D:2      | Found a white marble altar of Elyvilon.
   792 | D:2      | Reached skill level 5 in Dodging
  1056 | D:2      | Reached skill level 6 in Polearms
  1395 | D:3      | Noticed Natasha
  1404 | D:3      | Killed Natasha
  1404 | D:3      | Reached XP level 5. HP: 41/41 MP: 5/5
  1711 | D:3      | Reached skill level 7 in Polearms
  1867 | D:3      | Reached XP level 6. HP: 44/47 MP: 6/6
  1940 | D:3      | Noticed Natasha
  1953 | D:3      | Killed Natasha
  2010 | D:3      | Noticed Natasha
  2014 | D:3      | Killed Natasha
  2188 | D:4      | Found Mymit's Antique Weapon Shop.
  2405 | D:4      | Reached skill level 8 in Polearms
  2420 | D:4      | Reached skill level 1 in Shields
  2420 | D:4      | Reached XP level 7. HP: 47/54 MP: 7/7
  2565 | D:4      | Reached skill level 9 in Polearms
  2732 | D:4      | Found a staircase to the Ecumenical Temple.
  2740 | Temple   | Entered the Ecumenical Temple
  2815 | Temple   | Became a worshipper of Warmaster Okawaru
  2988 | D:5      | Entered Level 5 of the Dungeon
  3160 | D:5      | Reached XP level 8. HP: 61/61 MP: 8/8
  3382 | D:5      | Noticed Ijyb
  3394 | D:5      | Killed Ijyb
  3483 | D:5      | Reached skill level 5 in Fighting
  3526 | D:5      | Noticed Sigmund
  3530 | D:5      | Gained mutation: You have sharp fingernails. [potion of mutation]
  3530 | D:5      | Gained mutation: You are weak. (Str -2) [potion of mutation]
  3530 | D:5      | Gained mutation: You are agile. (Dex +2) [potion of mutation]
  3543 | D:5      | Killed Sigmund
  3543 | D:5      | Reached * piety under Okawaru
  3543 | D:5      | Reached skill level 10 in Polearms
  4200 | D:6      | Found Pirphaa's Antique Armour Shoppe.
  4483 | D:6      | Reached skill level 11 in Polearms
  5068 | D:6      | Reached ** piety under Okawaru
  5144 | D:6      | Found a shattered altar of Ashenzari.
  5146 | D:6      | Found an opulent altar of Gozag.
  5153 | D:6      | Reached XP level 9. HP: 69/69 MP: 9/9
  5570 | D:6      | Reached skill level 12 in Polearms
  5653 | D:6      | Noticed a five-headed hydra
  5685 | D:6      | Killed a five-headed hydra
  5685 | D:6      | Reached *** piety under Okawaru
  5685 | D:6      | Reached skill level 13 in Polearms
  6044 | D:7      | Found a sacrificial altar of Ru.
  6066 | D:7      | Found a hide-covered altar of Uskayaw.
  6105 | D:7      | Reached XP level 10. HP: 27/79 MP: 10/10
  6355 | D:7      | Reached skill level 1 in Invocations
  6417 | D:7      | Lost mutation: You are weak. (Str -2) [potion of mutation]
  6417 | D:7      | Lost mutation: You have sharp fingernails. [potion of mutation]
  6417 | D:7      | Lost mutation: You are agile. (Dex +2) [potion of mutation]
  6417 | D:7      | Gained mutation: You expend magic power (3 MP) to strengthen your wands. [potion of mutation]
  6417 | D:7      | Gained mutation: You passively map a small area around you. [potion of mutation]
  6417 | D:7      | Gained mutation: You evolve. [potion of mutation]
  6438 | D:7      | Found an iron altar of Okawaru.
  6450 | D:7      | Reached skill level 14 in Polearms
  6690 | D:7      | Reached **** piety under Okawaru
  6703 | D:7      | Reached skill level 10 in Dodging
  7397 | D:8      | Noticed Maurice
  7404 | D:8      | Killed Maurice
  7404 | D:8      | Reached ***** piety under Okawaru
  8312 | D:9      | Found Ruwkuin's Gadget Shoppe.
  8448 | D:9      | Found a stormy altar of Qazlal.
  8452 | D:9      | Found a radiant altar of Vehumet.
  8457 | D:9      | Found a basalt altar of Yredelemnul.
  8461 | D:9      | Reached skill level 15 in Polearms
  8567 | D:9      | Found a staircase to the Lair.
  8592 | D:9      | Received a gift from Okawaru
  8592 | D:9      | Reached XP level 11. HP: 74/87 MP: 14/14
  8933 | D:9      | Found a burning altar of Makhleb.
  9070 | D:10     | Entered Level 10 of the Dungeon
  9451 | D:10     | Noticed a cyan ugly thing
  9462 | D:10     | Killed a cyan ugly thing
  9462 | D:10     | Reached skill level 16 in Polearms
  9462 | D:10     | Reached skill level 5 in Invocations
  9551 | D:11     | Noticed Nergalle
  9573 | D:11     | Killed Nergalle
  9573 | D:11     | Received a gift from Okawaru
  9757 | D:11     | Noticed a two-headed ogre
  9768 | D:11     | Killed a two-headed ogre
 10826 | D:11     | Found a staircase to the Orcish Mines.
 10892 | D:11     | Received a gift from Okawaru
 10933 | D:11     | Noticed a centaur warrior
 10938 | D:11     | Killed a centaur warrior
 10938 | D:11     | Reached skill level 17 in Polearms
 10964 | D:11     | Noticed a centaur warrior
 10971 | D:11     | Killed a centaur warrior
 10971 | D:11     | Received a gift from Okawaru
 10971 | D:11     | Reached skill level 10 in Fighting
 10971 | D:11     | Reached XP level 12. HP: 76/97 MP: 16/16
 10979 | D:11     | Noticed a tengu reaver
 11001 | D:11     | Killed from afar by a tengu reaver

Vault maps used:
D:1:      erik_arrival_blinker_ship
D:2:      elyvilon_altar_5, kennysheep_donut
D:3:      uniq_natasha
D:4:      minmay_temple_entry_butterflies, serial_shops, nicolae_shop_crystal,
          first_bread
D:5:      kennysheep_boxes, uniq_ijyb, uniq_sigmund
D:6:      lemuel_castle_with_subvaults, grunt_temple_overflow_open,
          serial_shops, shop_statue
D:7:      eat_drink_and_be_merry_uskayaw, nicolae_ru_sacrificial_ziggurat,
          grunt_livestock, grunt_ministairs_3, minmay_stone_trees_small,
          okawaru_humans
D:8:      uniq_maurice
D:9:      makhleb_blood_cavern_becter, minitemple, dpeg_oklobed_lair,
          serial_shops, shop
D:11:     erik_orc_2, minmay_misc_feat_more_columns, minmay_evil_grid,
          uniq_nergalle
Temple:   dshaligram_water_room_temple

Skill      XL: |  1  2  3  4  5  6  7  8  9 10 11 |
---------------+----------------------------------+-----
Polearms       | 5 6 7 8 9 11 13 15 17 | 17.2
Dodging        | 5 6 8 9 10 11 | 11.9
Fighting       | 3 4 6 7 8 10 | 10.0
Shields        | 1 2 |  2.4
Invocations    | 4 6 |  6.5
Throwing       | |  2.0

Action                   |  1- 3 |  4- 6 |  7- 9 | 10-12 || total
-------------------------+-------+-------+-------+-------++-------
Melee: Trident           |    72 |   251 |   309 |       ||   632
       Glaive            |       |       |   196 |   477 ||   673
       Tailslap          |       |       |       |     1 ||     1
Throw: Throwing net      |       |       |     3 |     1 ||     4
Invok: Heroism           |       |       |       |     1 ||     1
Evoke: Wand              |       |       |     8 |       ||     8
  Use: Scroll            |       |     6 |    11 |     4 ||    21
       Potion            |       |     1 |     6 |     6 ||    13
 Stab: Sleeping          |       |       |     2 |       ||     2
       Held in net/web   |       |       |     1 |     1 ||     2
  Eat: Chunk             |       |     5 |    12 |    12 ||    29
       Royal jelly       |       |       |       |     3 ||     3
Armor: Leather armour    |     5 |       |       |       ||     5
       Ring mail         |     3 |    55 |    79 |    90 ||   227
Dodge: Dodged            |    43 |   117 |   265 |   330 ||   755
Block: Buckler           |       |     4 |    30 |       ||    34
